 Dungeon Crawl Stone Soup version 0.28-a0-401-ge240ad9e29 (webtiles) character file.

Game seed: 10996199734999054620

544 zdrol the Covered (level 7, -1/60 HPs)
             Began as a Minotaur Fighter on Sept 4, 2021.
             Succumbed to a gnoll's poison
             ... on level 3 of the Dungeon.
             The game lasted 00:14:09 (3204 turns).

zdrol the Covered (Minotaur Fighter)                Turns: 3204, Time: 00:14:10

Health: -1/60      AC: 10    Str: 22    XL:     7   Next: 6%
Magic:  6/6        EV: 10    Int:  5    God:
Gold:   4          SH:  5    Dex: 10    Spells: 6/6 levels left

rFire   . . .      SeeInvis .   s - +2 spear (vorpal)
rCold   . . .      Faith    .   c - +0 buckler
rNeg    . . .      Spirit   .   b - +0 scale mail
rPois   .          Reflect  .   (helmet restricted)
rElec   .          Harm     .   h - +0 cloak
rCorr   .          Rampage  .   l - +0 pair of gloves
Will    .....                   (no boots)
Stlth   ..........              (no amulet)
HPRegen 0.20/turn               q - ring of wizardry
MPRegen 0.10/turn               (no ring)

@: lethally poisoned (-1 -> -21)
A: horns 2, retaliatory headbutt
a: no special abilities


You were on level 3 of the Dungeon.
You visited 1 branch of the dungeon, and saw 3 of its levels.

You collected 40 gold pieces.
You spent 36 gold pieces at shops.

Inventory:

Hand Weapons
 a - a +0 flail
 s - a +2 vorpal spear (weapon)
 y - a +1 halberd of freezing
Armour
 b - a +0 scale mail (worn)
 c - a +0 buckler (worn)
 h - a +0 cloak (worn)
 l - a +0 pair of gloves (worn)
Jewellery
 q - a ring of wizardry (left hand)
Wands
 p - a wand of flame (14)
 x - a wand of digging (4)
Scrolls
 e - a scroll of acquirement {unknown}
 g - a scroll of magic mapping {unknown}
 i - 2 scrolls of fear {unknown}
 m - a scroll of enchant armour {unknown}
 t - a scroll of identify
 u - a scroll of brand weapon
 w - 3 scrolls of teleportation {unknown}
Potions
 d - a potion of might
 f - a potion of haste
 j - 2 potions of flight
 k - 3 potions of curing
 n - a potion of mutation
 o - 2 potions of attraction
 v - a potion of ambrosia {unknown}
 z - a potion of brilliance {unknown}


   Skills:
 + Level 4.9 Fighting
 + Level 4.6 Maces & Flails
 + Level 2.0 Polearms
 + Level 0.2 Throwing
 + Level 6.1 Armour
 + Level 1.9 Dodging
 + Level 1.0 Stealth
 + Level 5.0 Shields


You had 6 spell levels left.
You didn't know any spells.
Your spell library was empty.

Dungeon Overview and Level Annotations

Branches:
Dungeon (3/15)

Altars:

Shops:
D:3 !(*

Annotations:
D:3 1 transporter


Innate Abilities, Weirdness & Mutations

You have a pair of horns on your head.
You reflexively headbutt those who attack you in melee.


Message History

You feel sick.
The gnoll hits you from afar with a +1 spear of venom.
* * * LOW HITPOINT WARNING * * *
You are more poisoned.
Robertstho's ghost closely misses you. You furiously retaliate!
You headbutt robertstho's ghost, but do no damage.
You block the gnoll's attack.
You closely miss robertstho's ghost.
Robertstho's ghost is almost destroyed.
You feel very sick. You block the gnoll's attack.
Robertstho's ghost hits you but does no damage.
The gnoll barely misses you.
You closely miss robertstho's ghost.
Robertstho's ghost is almost destroyed.
You feel sick. The gnoll hits you but does no damage.
You block robertstho's ghost's attack. You block the gnoll's attack.
You hit robertstho's ghost.
You destroy robertstho's ghost!
You feel sick. The gnoll hits you but does no damage.
You are lethally poisoned!
The gnoll closely misses you.
Your Polearms skill increases to level 2!
Your Armour skill increases to level 6!
You have reached level 7!
* * * LOW HITPOINT WARNING * * *
You feel very sick.
You see here a throwing net.
There is a lethal amount of poison in your body!
Throw: dart (poison)
Press: ? - help, Q - select action, (/) - cycle Shift-Dir - straight line, f - gnoll
Aim: a gnoll, wielding a +2 spear of venom (61% to hit)
You throw a poisoned dart. The poisoned dart hits the gnoll.
The gnoll is poisoned.
* * * LOW HITPOINT WARNING * * *
You feel very sick. You block the gnoll's attack.
The gnoll hits you but does no damage.
You are more poisoned.
Unknown command.
You die...

#.≈≈#..###.###..#≈≈.#......
#.≈≈#...........#≈≈.#.###..
#.≈≈###.##'##.###≈≈.#......
#.≈≈..#.#...#.#..≈≈.####### #.#
#.≈≈.##.#...#.##.≈≈........ #.#
#.≈≈.#.g#.:.#..#.≈≈...##### #.#
###.≈≈.##.#####.##.≈≈.#.# #
#.###...≈≈..#g#8⌠8#.#.......#####
...##.#.≈≈.©#))(@.'(#©...........
..<.....≈≈..#g#)..#.#.....#.#####
........≈≈.##.##.##.##.≈≈........
........≈≈.#©.#...#..#.≈≈..######
........≈≈.##.'...'.##.≈≈....#
#.###'..≈≈..#.#...#.#..≈≈..#.#
......#.≈≈###.##'##.###≈≈....#
........≈≈#g..........#≈≈.####
........≈≈#g.###.###..#≈≈.#


You could see 2 gnolls.

Vanquished Creatures
  A necrophage (D:2)
  The ghost of robertstho the Magician, an amateur DjFE (D:3)
  Terence (D:2)
  A gnoll shaman (D:3)
  Jessica (D:2)
  Natasha (thrice) (D:2)
  14 gnolls
  3 adders
  2 dart slugs
  6 orcs (D:3)
  5 bats
  2 endoplasms
  3 giant cockroaches
  3 hobgoblins
  2 jackals (D:3)
  6 kobolds
  2 quokkas
  3 ball pythons
  3 frilled lizards
  3 goblins
  9 rats
74 creatures vanquished.

Vanquished Creatures (others)
  6 plants (D:3)
6 creatures vanquished.

Grand Total: 80 creatures vanquished

Notes
Turn   | Place    | Note
-------+----------+-------------------------------------------
     0 | D:1      | zdrol the Minotaur Fighter began the quest for the Orb.
     0 | D:1      | Reached XP level 1. HP: 19/19 MP: 0/0
    93 | D:1      | Reached XP level 2. HP: 26/27 MP: 1/1
   749 | D:1      | Found a faded altar of an unknown god.
   880 | D:2      | Reached skill level 4 in Armour
   880 | D:2      | Reached XP level 3. HP: 29/33 MP: 2/2
  1173 | D:2      | Noticed Natasha
  1185 | D:2      | Killed Natasha
  1186 | D:2      | Reached XP level 4. HP: 29/40 MP: 3/3
  1300 | D:2      | Noticed Terence
  1301 | D:2      | Noticed Jessica
  1319 | D:2      | Killed Terence
  1327 | D:2      | Killed Jessica
  1328 | D:2      | Reached skill level 5 in Armour
  1351 | D:2      | Noticed a necrophage
  1360 | D:2      | Reached XP level 5. HP: 9/46 MP: 4/4
  1659 | D:2      | Killed a necrophage
  1660 | D:2      | Reached skill level 1 in Dodging
  1970 | D:2      | Noticed Natasha
  1976 | D:2      | Killed Natasha
  1977 | D:2      | Reached XP level 6. HP: 53/53 MP: 5/5
  2039 | D:2      | Noticed Natasha
  2052 | D:2      | Killed Natasha
  2479 | D:3      | Found Ustro's Weapon Emporium.
  2797 | D:3      | Found Qeustaj's Assorted Antiques.
  2839 | D:3      | Found a transporter.
  3000 | D:3      | Found Nilenysu's Distillery.
  3022 | D:3      | Bought a potion of curing for 36 gold pieces
  3063 | D:3      | Found a transporter.
  3082 | D:3      | Noticed robertstho's ghost (amateur DjFE)
  3174 | D:3      | Reached skill level 5 in Shields
  3177 | D:3      | Reached skill level 1 in Stealth
  3188 | D:3      | Reached skill level 1 in Polearms
  3201 | D:3      | Killed robertstho's ghost
  3202 | D:3      | Reached skill level 6 in Armour
  3202 | D:3      | Reached XP level 7. HP: 9/60 MP: 6/6
  3203 | D:3      | HP: 3/60 [poisoned by a gnoll]
  3204 | D:3      | Succumbed to a gnoll's poison

Illustrated notes

Levels and vault maps discovered:
D:1:      saegor_arrival_simple_b, layout_loops_ring,
          chequers_ecumenical_altar_twisty, minmay_pentomino_w4
D:2:      layout_rooms, kennysheep_big_empty_room, glass_columns_a,
          kennysheep_generic_room_7, uniq_natasha, uniq_terence, uniq_jessica
D:3:      layout_basic, gammafunk_ghost_gnarly_gnolls, serial_shops,
          nicolae_shop_waterfront, nicolae_shop_competitors_out_of_business,
          nicolae_lakefront_shop

Skill      XL: |  1  2  3  4  5  6 |
---------------+-------------------+-----
Shields        | 4 5 |  5.0
Fighting       | 4 |  4.9
Armour         | 4 5 6 |  6.1
Maces & Flails | 3 4 |  4.6
Dodging        | 1 |  1.9
Stealth        | 1 |  1.0
Polearms       | 2 |  2.0
Throwing       | |  0.2

Action                   |  1- 3 |  4- 6 |  7- 9 || total
-------------------------+-------+-------+-------++-------
Melee: Flail             |    60 |    27 |       ||    87
       Headbutt          |     5 |    23 |       ||    28
       Spear             |       |   101 |       ||   101
Throw: Dart              |       |     3 |     1 ||     4
  Use: Scroll            |     3 |     3 |       ||     6
Armor: Scale mail        |    32 |    60 |     1 ||    93
Dodge: Dodged            |    26 |    66 |       ||    92
Block: Buckler           |    16 |    30 |     1 ||    47

Table legend: (Time is in decaauts)
 A = Elapsed time spent in this place.
 B = Non-inter-level travel time spent in this place.
 C = Inter-level travel time spent in this place.
 D = Time resting spent in this place.
 E = Time spent auto-exploring this place.
 F = Levels seen in this place.
 G = Mean time per level.
                   A        B        C        D        E       F      G
               +--------+--------+--------+--------+--------+-----+--------+
         Total |   3236 |   3236 |      0 |    531 |    987 |   3 | 1078.7 |
       Dungeon |   3236 |   3236 |      0 |    531 |    987 |   3 | 1078.7 |
               +--------+--------+--------+--------+--------+-----+--------+

Top non-repeatable levels by time:
     D:2: 1399 daAuts
     D:3: 1026 daAuts
     D:1: 810 daAuts
